SL
CHICAGO GOLD SOX @ ATHLETIC CLUB KC
08/05/2019
 
TOP OF THE 1ST
Chicago Gold Sox batting - Pitching for Athletic Club KC Athletics : RHP Michael Battle
Pitching: RHP Michael Battle
Batting: RHB Daniel Lallanilla 0-0: Called Strike
0-1: Ball
1-1: Called Strike
1-2: Ground out 4-3 (Groundball, 4)
Batting: RHB Pablo Trujillo 0-0: Ball
1-0: Fly out, F8 (Flyball, 8LM)
Batting: LHB Noel Ballard 0-0: Called Strike
0-1: Ball
1-1: Ball
2-1: Swinging Strike
Single, Error in OF, E7, batter to second base
Batting: RHB Chris Smith 0-0: Called Strike
0-1: Ball
1-1: Ground out 1-3 (Groundball, 13S)
Top of the 1st over - 0 run(s), 1 hit(s), 1 error(s), 1 left on base; Chicago 0 - Athletic Club KC 0
BOTTOM OF THE 1ST
Athletic Club KC Athletics batting - Pitching for Chicago Gold Sox : RHP Ryan Davis
Pitching: RHP Ryan Davis
Batting: SHB David Henderson 0-0: Ball
1-0: Swinging Strike
1-1: Called Strike
1-2: Ball
2-2: Ball
3-2: Ground out 4-3 (Groundball, 4)
Batting: RHB Jorge Trevino 0-0: Ground out 5-3 (Groundball, 5S)
Batting: LHB Chris Rice 0-0: Foul Ball, location: 2F
0-1: Ball
1-1: Called Strike
1-2: Ball
2-2: Ball
3-2: Base on Balls
Batting: RHB Ramón Souza 0-0: Ball
1-0: Called Strike
1-1: Ball
2-1: Ground out 4-3 (Groundball, 4MS)
Bottom of the 1st over - 0 run(s), 0 hit(s), 0 error(s), 1 left on base; Chicago 0 - Athletic Club KC 0
TOP OF THE 2ND
Chicago Gold Sox batting - Pitching for Athletic Club KC Athletics : RHP Michael Battle
Batting: LHB Herman Hayes 0-0: Ball
1-0: Swinging Strike
1-1: Foul Ball, location: 2F
1-2: Ball
2-2: Ball
3-2: Strikes out looking
Batting: RHB Tyrone Scott 0-0: Called Strike
0-1: Ball
1-1: Called Strike
1-2: Foul Ball, location: 2F
1-2: Fly out, F4 (Popup, 4)
Batting: LHB Adrián Rodríguez 0-0: DOUBLE (Flyball, 9D)
Batting: RHB José Ramos 0-0: Ball
1-0: Ground out 6-3 (Groundball, 6M)
Top of the 2nd over - 0 run(s), 1 hit(s), 0 error(s), 1 left on base; Chicago 0 - Athletic Club KC 0
BOTTOM OF THE 2ND
Athletic Club KC Athletics batting - Pitching for Chicago Gold Sox : RHP Ryan Davis
Batting: LHB Bob Davis 0-0: Ground out 4-3 (Groundball, 4)
Batting: RHB Cory Staton 0-0: Ball
1-0: Ball
2-0: Ball
3-0: Called Strike
3-1: Called Strike
3-2: Ground out 6-3 (Groundball, 6)
Batting: LHB Emílio Sáenz 0-0: Ball
1-0: Ground out 5-3 (Groundball, 56S)
Bottom of the 2nd over - 0 run(s), 0 hit(s), 0 error(s), 0 left on base; Chicago 0 - Athletic Club KC 0
TOP OF THE 3RD
Chicago Gold Sox batting - Pitching for Athletic Club KC Athletics : RHP Michael Battle
Batting: RHB Ryan Davis 0-0: Swinging Strike
0-1: Swinging Strike
0-2: Strikes out swinging
Batting: RHB Daniel Lallanilla 0-0: Foul Ball, location: 2F
0-1: Ball
1-1: Foul Ball, location: 2F
1-2: Foul Ball, location: 2F
1-2: Ground out 6-3 (Groundball, 6)
Batting: RHB Pablo Trujillo 0-0: Called Strike
0-1: Ball
1-1: Ground out 6-3 (Groundball, 56D)
Top of the 3rd over - 0 run(s), 0 hit(s), 0 error(s), 0 left on base; Chicago 0 - Athletic Club KC 0
BOTTOM OF THE 3RD
Athletic Club KC Athletics batting - Pitching for Chicago Gold Sox : RHP Ryan Davis
Batting: LHB Lawrence Washington 0-0: Foul Ball, location: 2F
0-1: DOUBLE (Flyball, 8RXD)
Batting: RHB Michael Battle 0-0: Called Strike
0-1: Sac Bunt - play at first, batter OUT! 5-4
Lawrence Washington to third
Batting: SHB David Henderson 0-0: Foul Ball, location: 2F
0-1: Called Strike
0-2: Ball
1-2: Foul Ball, location: 2F
1-2: DOUBLE (Groundball, 3L)
Lawrence Washington scores
Batting: RHB Jorge Trevino 0-0: Ball
David Henderson steals 3rd base
1-0: Ball
2-0: Called Strike
2-1: Foul Ball, location: 2F
2-2: SINGLE (Groundball, 4MD)
David Henderson scores
Batting: LHB Chris Rice 0-0: Ball
1-0: Called Strike
1-1: Ball
Jorge Trevino is caught stealing 2nd base
2-1: Fly out, F7 (Flyball, 7S)
Bottom of the 3rd over - 2 run(s), 3 hit(s), 0 error(s), 0 left on base; Chicago 0 - Athletic Club KC 2
TOP OF THE 4TH
Chicago Gold Sox batting - Pitching for Athletic Club KC Athletics : RHP Michael Battle
Batting: LHB Noel Ballard 0-0: Called Strike
0-1: Ball
1-1: Ball
2-1: Ground out 4-3 (Groundball, 4)
Batting: RHB Chris Smith 0-0: Ball
1-0: Called Strike
1-1: Ball
2-1: SOLO HOME RUN (Flyball, 7LD), Distance : 355 ft
Batting: LHB Herman Hayes 0-0: Foul Ball, location: 2F
0-1: Called Strike
0-2: Strikes out swinging
Batting: RHB Tyrone Scott 0-0: Swinging Strike
0-1: Foul Ball, location: 2F
0-2: Strikes out swinging
Top of the 4th over - 1 run(s), 1 hit(s), 0 error(s), 0 left on base; Chicago 1 - Athletic Club KC 2
BOTTOM OF THE 4TH
Athletic Club KC Athletics batting - Pitching for Chicago Gold Sox : RHP Ryan Davis
Batting: RHB Ramón Souza 0-0: Foul Ball, location: 2F
0-1: Ball
1-1: DOUBLE (Line Drive, 3) - OUT at third base trying to stretch hit.
Batting: LHB Bob Davis 0-0: Fly out, F7 (Flyball, 7LS)
Batting: RHB Cory Staton 0-0: Called Strike
0-1: Foul Ball, location: 2F
0-2: Ground out 6-3 (Groundball, 6M)
Bottom of the 4th over - 0 run(s), 1 hit(s), 0 error(s), 0 left on base; Chicago 1 - Athletic Club KC 2
TOP OF THE 5TH
Chicago Gold Sox batting - Pitching for Athletic Club KC Athletics : RHP Michael Battle
Batting: LHB Adrián Rodríguez 0-0: Ball
1-0: Called Strike
1-1: Ball
2-1: DOUBLE (Line Drive, 9LM)
Batting: RHB José Ramos 0-0: Swinging Strike
0-1: Swinging Strike
0-2: Ball
1-2: SINGLE (Groundball, 56D)
Adrián Rodríguez to third
Runner from 3rd tries for Home, SAFE, no throw or cutoff
Batting: RHB Ryan Davis 0-0: Ball
1-0: Ball
2-0: Bunted foul
2-1: Sac Bunt - play at first, batter OUT! 1-4
José Ramos to second
Batting: RHB Daniel Lallanilla 0-0: Called Strike
0-1: Ball
1-1: Called Strike
1-2: Foul Ball, location: 2F
1-2: Foul Ball, location: 2F
1-2: Ball
2-2: Ball
3-2: Ground out 1-3 (Groundball, 15)
Batting: RHB Pablo Trujillo 0-0: Called Strike
0-1: Swinging Strike
0-2: Ball
1-2: Fly out, F9 (Flyball, 89D)
Top of the 5th over - 1 run(s), 2 hit(s), 0 error(s), 1 left on base; Chicago 2 - Athletic Club KC 2
BOTTOM OF THE 5TH
Athletic Club KC Athletics batting - Pitching for Chicago Gold Sox : RHP Ryan Davis
Batting: LHB Emílio Sáenz 0-0: Ball
1-0: SINGLE (Groundball, 34D)
Batting: LHB Lawrence Washington 0-0: Ball
1-0: SINGLE (Groundball, 4)
Emílio Sáenz to second
Emílio Sáenz to third
Batting: RHB Michael Battle 0-0: Bunted foul
0-1: Ball
1-1: Sac Bunt - play at first, batter OUT! 3-4
Lawrence Washington to second
Batting: SHB David Henderson 0-0: Ball
1-0: Ball
2-0: Foul Ball, location: 2F
2-1: Ground out 6-3 (Groundball, 6M)
Emílio Sáenz scores
Lawrence Washington to third
Batting: RHB Jorge Trevino 0-0: Ball
1-0: Called Strike
1-1: Foul Ball, location: 2F
1-2: Ball
2-2: Strikes out swinging
Bottom of the 5th over - 1 run(s), 2 hit(s), 0 error(s), 1 left on base; Chicago 2 - Athletic Club KC 3
TOP OF THE 6TH
Chicago Gold Sox batting - Pitching for Athletic Club KC Athletics : RHP Michael Battle
Batting: LHB Noel Ballard 0-0: Called Strike
0-1: Foul Ball, location: 2F
0-2: Strikes out swinging
Batting: RHB Chris Smith 0-0: SINGLE (Line Drive, 4)
Pitching: RHP Byron Rogers
Batting: LHB Herman Hayes 0-0: Grounds into double play, 5-4-3 (Groundball, 56)
Top of the 6th over - 0 run(s), 1 hit(s), 0 error(s), 0 left on base; Chicago 2 - Athletic Club KC 3
BOTTOM OF THE 6TH
Athletic Club KC Athletics batting - Pitching for Chicago Gold Sox : RHP Ryan Davis
Batting: LHB Chris Rice 0-0: Swinging Strike
0-1: Ball
1-1: Foul Ball, location: 2F
1-2: Foul Ball, location: 2F
1-2: Ball
2-2: Strikes out swinging
Batting: RHB Ramón Souza 0-0: Called Strike
0-1: Ball
1-1: Ball
2-1: Called Strike
2-2: Ball
3-2: Strikes out swinging
Batting: LHB Bob Davis 0-0: Ball
1-0: Ball
2-0: Swinging Strike
2-1: Foul Ball, location: 2F
2-2: Strikes out swinging
Bottom of the 6th over - 0 run(s), 0 hit(s), 0 error(s), 0 left on base; Chicago 2 - Athletic Club KC 3
TOP OF THE 7TH
Chicago Gold Sox batting - Pitching for Athletic Club KC Athletics : RHP Byron Rogers
Batting: RHB Tyrone Scott 0-0: Swinging Strike
0-1: Ball
1-1: Called Strike
1-2: Foul Ball, location: 2F
1-2: Foul Ball, location: 2F
1-2: Ball
2-2: Foul Ball, location: 2F
2-2: Ball
3-2: Ground out 6-3 (Groundball, 6M)
Pitching: LHP Carlos Vargas
Batting: LHB Adrián Rodríguez 0-0: Called Strike
0-1: Fly out, F7 (Flyball, 7M)
Pitching: RHP Manuel Núñez
Batting: RHB José Ramos 0-0: Ball
1-0: Foul Ball, location: 2F
1-1: Ball
2-1: Fly out, F7 (Flyball, 78XD)
Top of the 7th over - 0 run(s), 0 hit(s), 0 error(s), 0 left on base; Chicago 2 - Athletic Club KC 3
BOTTOM OF THE 7TH
Athletic Club KC Athletics batting - Pitching for Chicago Gold Sox : RHP Ryan Davis
Batting: RHB Cory Staton 0-0: Ground out 5-3 (Groundball, 5S)
Batting: LHB Emílio Sáenz 0-0: Called Strike
0-1: Foul Ball, location: 2F
0-2: Ball
1-2: SINGLE (Line Drive, 6D)
Pinch Hitting: LHB Tony Reynolds 0-0: Ball
1-0: Called Strike
Emílio Sáenz steals 2nd base
1-1: Called Strike
1-2: Ground out 1-3 (Groundball, 23)
Emílio Sáenz to third
Pinch Hitting: RHB Rick Atkinson 0-0: Ground out 4-3 (Groundball, 4)
Bottom of the 7th over - 0 run(s), 1 hit(s), 0 error(s), 1 left on base; Chicago 2 - Athletic Club KC 3
TOP OF THE 8TH
Chicago Gold Sox batting - Pitching for Athletic Club KC Athletics : RHP Manuel Núñez
Pitching: RHP Jeff Krause
Now at 2B: Karl Stevens
Pinch Hitting: RHB Craig Stewart 0-0: Ball
1-0: Called Strike
1-1: Foul Ball, location: 2F
1-2: Foul Ball, location: 2F
1-2: Fly out, F7 (Line Drive, 7M)
Batting: RHB Daniel Lallanilla 0-0: Foul Ball, location: 2F
0-1: Ball
1-1: Swinging Strike
1-2: Ball
2-2: Strikes out swinging
Batting: RHB Pablo Trujillo 0-0: Ball
1-0: Foul Ball, location: 2F
1-1: Swinging Strike
1-2: Foul Ball, location: 2F
1-2: Ball
2-2: Foul Ball, location: 2F
2-2: Strikes out looking
Top of the 8th over - 0 run(s), 0 hit(s), 0 error(s), 0 left on base; Chicago 2 - Athletic Club KC 3
BOTTOM OF THE 8TH
Athletic Club KC Athletics batting - Pitching for Chicago Gold Sox : RHP Ryan Davis
Pitching: RHP Lorenzo Marín
Batting: SHB David Henderson 0-0: Ground out 4-3 (Groundball, 4MS)
Batting: RHB Jorge Trevino 0-0: SINGLE (Line Drive, 9LM)
Pitching: LHP Billy Black
Batting: LHB Chris Rice 0-0: Ball
1-0: Ball
2-0: Foul Ball, location: 2F
2-1: Ball
3-1: Base on Balls
Jorge Trevino to second
Batting: RHB Ramón Souza 0-0: Ball
1-0: Ball
2-0: Ball
3-0: Called Strike
3-1: Foul Ball, location: 2F
3-2: Base on Balls
Jorge Trevino to third
Chris Rice to second
Pitching: LHP Walt Johnston
Batting: LHB Bob Davis 0-0: Ball
1-0: Swinging Strike
1-1: Ball
2-1: Ball
3-1: SINGLE (Line Drive, 7S)
Jorge Trevino scores
Chris Rice to third
Ramón Souza to second
Batting: RHB Cory Staton 0-0: Ball
1-0: Fly out, F9 (Flyball, 9LS)
Batting: LHB Emílio Sáenz 0-0: Called Strike
0-1: Ball
1-1: Ball
2-1: Swinging Strike
2-2: Ball
3-2: SINGLE (Line Drive, 78M)
Chris Rice scores
Ramón Souza to third
Bob Davis to second
Ramón Souza scores
Bob Davis to third
Batting: RHB Karl Stevens 0-0: Foul Ball, location: 2F
0-1: Swinging Strike
0-2: Ball
1-2: Ball
Wild Pitch!
Bob Davis scores
Emílio Sáenz to second
2-2: Strikes out swinging
Bottom of the 8th over - 4 run(s), 3 hit(s), 0 error(s), 1 left on base; Chicago 2 - Athletic Club KC 7
TOP OF THE 9TH
Chicago Gold Sox batting - Pitching for Athletic Club KC Athletics : RHP Jeff Krause
Batting: LHB Noel Ballard 0-0: Ball
1-0: Ball
2-0: Called Strike
2-1: Foul Ball, location: 2F
2-2: Strikes out swinging
Batting: RHB Chris Smith 0-0: DOUBLE (Line Drive, 7LD)
Batting: LHB Herman Hayes 0-0: Called Strike
0-1: Foul Ball, location: 2F
0-2: Ball
1-2: Foul Ball, location: 2F
1-2: Strikes out looking
Batting: RHB Tyrone Scott 0-0: Called Strike
0-1: Foul Ball, location: 2F
0-2: Foul Ball, location: 2F
0-2: Ball
1-2: SINGLE (Groundball, 15S) (infield hit)
Chris Smith to third
Batting: LHB Adrián Rodríguez 0-0: Ball
1-0: Called Strike
1-1: Swinging Strike
1-2: Strikes out swinging
Top of the 9th over - 0 run(s), 2 hit(s), 0 error(s), 2 left on base; Chicago 2 - Athletic Club KC 7
This league is powered by Out of the Park Baseball, the baseball management simulation game for PC, Mac and Linux
Saturday, July 25th, 2015 - OOTP Baseball 15.6 Build 34